 Dungeon Crawl Stone Soup version 0.32-a0-612-g1c984fe9d1 (webtiles) character file.

Game seed: 12042052936404750468

177474 mdonais the Metamorph (level 18, -6/192 (202) HPs)
             Began as an Octopode Brigand on Mar 4, 2024.
             Was the Champion of Ru.
             Mangled by a salamander
             ... wielding a +3 trident
              (24 damage)
             ... on level 2 of the Snake Pit on Mar 5, 2024.
             The game lasted 01:49:08 (28627 turns).

mdonais the Metamorph (Octopode Brigand)           Turns: 28627, Time: 01:49:09

HP:   -6/192 (202)  AC: 16    Str: 31    XL:     18   Next: 17%
MP:   20/20         EV: 11    Int: 19    God:    Ru [******]
Gold: 967           SH:  0    Dex: 15    Spells: 15/23 levels left

rFire   + +          +
                       - Unarmed
rCold   . . .        (helmet currently unavailable)
rNeg    + . .        r - amulet of regeneration
rPois   +            l - +4 ring of protection
rElec   .            L - ring "Gyqao" {rPois rF+ rC+ SInv}
rCorr   +            i - ring "Icvuics" {Int+3 Slay+4}
SInv    +            a - ring of positive energy
Will    ++...        f - ring "Puggolen" {Will+ Int+3}
Stlth   ++++         J - +6 ring of strength
HPRegen 1.32/turn    g - ring of resist corrosion
MPRegen 0.17/turn

%: clarity
@: lethally poisoned (-6 -> -18), exhausted, dragon-form, flying, slowed,
drained, very slow
A: dragon claw, dragon scales, breathe fire, flying, boosted hp, almost no
armour, amphibious, 7 rings, giant, (camouflage 1), dopey 1, low MP 1,
(gelatinous body 1), missing a hand, inability to use devices, hated by all,
(nimble swimmer 1), (tentacles), (tentacle spike 1), clarity
a: Breathe Fire, Begin Untransformation, Renounce Religion, Draw Out Power,
Power Leap, Apocalypse


You were on level 2 of the Snake Pit.
You worshipped Ru.
Ru was exalted by your worship.
You were a fearsome dragon!
You visited 5 branches of the dungeon, and saw 25 of its levels.
You also visited: Bailey and Gauntlet.

You collected 2777 gold pieces.
You spent 1810 gold pieces at shops.

Inventory:

Hand Weapons
 m - the +10 hand cannon "Jiacesoh" {freeze, rC+}
   (You found it on level 13 of the Dungeon)

   rC+:       It protects you from cold.
 D - the +12 rapier of Acrirghimeo {speed, rPois Str+3 Int+2 Dex-3}
   (You found it on level 4 of the Lair of Beasts)

   Str+3:     It affects your strength (+3).
   Int+2:     It affects your intelligence (+2).
   Dex-3:     It affects your dexterity (-3).
   rPois:     It protects you from poison.
 N - the +6 dagger of Leiqirah {pain, Dex+6}
   (You found it on level 15 of the Dungeon)

   Dex+6:     It affects your dexterity (+6).
Missiles
 o - 34 poisoned darts
 t - 31 boomerangs
 v - 13 javelins
 x - 8 silver javelins
 F - 3 curare-tipped darts (quivered)
 Z - 2 throwing nets {=!f}
Armour
 k - the +0 hat of Sloth {rElec rPois Str-5 Slay+3}
   (You found it in a Gauntlet)

   Str-5:     It affects your strength (-5).
   Slay+3:    It affects your accuracy & damage with ranged weapons and melee
   (+3).
   rElec:     It insulates you from electricity.
   rPois:     It protects you from poison.
Magical Staves
 q - a staff of air
   (You found it on level 14 of the Dungeon)
Jewellery
 a - a ring of positive energy (on tentacle)
   (You found it in a Gauntlet)
 f - the ring "Puggolen" (on tentacle) {Will+ Int+3}
   (You found it in a Gauntlet)

   [ring of willpower]

   Int+3:     It affects your intelligence (+3).
   Will+:     It increases your willpower.
 g - a ring of resist corrosion (on tentacle)
   (You took it off Erica on level 11 of the Dungeon)
 i - the ring "Icvuics" (on tentacle) {Int+3 Slay+4}
   (You acquired it on level 7 of the Dungeon)

   [ring of slaying]

   Int+3:     It affects your intelligence (+3).
   Slay+4:    It affects your accuracy & damage with ranged weapons and melee
   (+4).
 l - a +4 ring of protection (left foreclaw)
   (You found it on level 2 of the Dungeon)
 r - an amulet of regeneration (around neck)
   (You found it on level 2 of the Lair of Beasts)
 y - a ring of flight
   (You found it on level 2 of the Lair of Beasts)
 J - a +6 ring of strength (on tentacle)
   (You found it on level 5 of the Lair of Beasts)
 L - the ring "Gyqao" (right foreclaw) {rPois rF+ rC+ SInv}
   (You bought it in a shop on level 2 of the Orcish Mines)

   [ring of protection from cold]

   rF+:       It protects you from fire.
   rC+:       It protects you from cold.
   rPois:     It protects you from poison.
   SInv:      It lets you see invisible.
 M - an amulet of reflection
   (You found it on level 14 of the Dungeon)
Talismans
 G - a dragon-blood talisman (active)
   (You found it on level 11 of the Dungeon)
Scrolls
 e - 2 scrolls of fear
 s - 4 scrolls of noise
 w - a scroll of poison
 A - a scroll of torment
 B - 3 scrolls of blinking
 C - 2 scrolls of immolation
 E - a scroll of acquirement
 I - 2 scrolls of silence
 K - 4 scrolls of fog
 R - 2 scrolls of identify
 T - 6 scrolls of teleportation
Potions
 b - 2 potions of ambrosia
 c - 2 potions of resistance
 d - 9 potions of brilliance
 h - 5 potions of heal wounds
 j - 4 potions of magic
 n - 3 potions of lignification
 p - 4 potions of enlightenment
 u - 5 potions of mutation
 z - a potion of berserk rage
 H - 3 potions of haste
 O - 2 potions of invisibility
 P - a potion of attraction
 Q - 4 potions of curing


   Skills:
 + Level 15.9 Fighting
 - Level 2.0 Short Blades
 - Level 2.0 Throwing
 + Level 9.1 Dodging
 - Level 9.0 Stealth
 + Level 15.9 Unarmed Combat
 - Level 3.0 Spellcasting
 - Level 1.0 Conjurations
 - Level 3.0 Translocations
 - Level 5.0 Ice Magic
 - Level 16.0 Shapeshifting


You had 15 spell levels left.
You knew the following spells:

 Your Spells              Type           Power      Damage    Failure   Level
a - Magic Dart            Conj           24%        1d4       10%         1
b - Ozocubu's Armour      Ice            21%        N/A       6%          3
d - Call Imp              Summ           4%         N/A       22%         2
e - Blink                 Tloc           28%        N/A       7%          2

Your spell library contained the following spells:

 Spells                   Type           Power      Damage    Failure   Level
 Ensorcelled Hibernation  Hex/Ice        24%        N/A       9%          2
 Kiss of Death            Conj/Necr      16%        2d6       12%         1
 Shock                    Conj/Air       16%        1d4       12%         1
 Sandblast                Erth           4%         2d4       16%         1
 Static Discharge         Conj/Air       8%         3-4/arc   19%         2
 Stone Arrow              Conj/Erth      8%         3d7       36%         3
 Inner Flame              Hex/Fire       2%         N/A       41%         3
 Passwall                 Erth           2%         N/A       41%         3
 Sigil of Binding         Hex            2%         N/A       41%         3
 Swiftness                Air            2%         N/A       41%         3
 Dimensional Bullseye     Hex/Tloc       4%         N/A       63%         4
 Vhi's Electric Charge    Tloc/Air       16%        N/A       63%         4
 Brom's Barrelling Bould  Conj/Erth      4%         2d3       77%         4
 Airstrike                Air            1%         2d(1-17)  83%         4
 Anguish                  Hex/Necr       1%         N/A       83%         4
 Cause Fear               Hex            1%         N/A       83%         4
 Leda's Liquefaction      Alch/Erth      1%         N/A       83%         4
 Arcjolt                  Conj/Air       2%         1d12      98%         5
 Irradiate                Conj/Alch      2%         3d12      98%         5
 Borgnjor's Vile Clutch   Necr/Erth      1%         N/A       99%         5
 Lee's Rapid Deconstruct  Erth           1%         3d4*      99%         5
 Bombard                  Conj/Erth      2%         9d1       100%        6
 Enfeeble                 Hex            1%         N/A       100%        7
 Orb of Destruction       Conj           3%         9d5       100%        7
 Ignition                 Fire           1%         3d3       100%        8
 Maxwell's Capacitive Co  Air            1%         ∞         100%        8
 Call Canine Familiar     Summ           Unusable   N/A       N/A         3
 Animate Dead             Necr           Unusable   N/A       N/A         4
 Summon Blazeheart Golem  Fire/Summ      Unusable   N/A       N/A         4
 Death Channel            Necr           Unusable   N/A       N/A         6
 Spellforged Servitor     Conj/Summ      Unusable   N/A       N/A         7

Dungeon Overview and Level Annotations

Branches:
Dungeon (15/15) Zot: 26081  Temple (1/1) D:4 Zot: 5857    Lair (5/5) D:10 Zot: 23073
  Swamp (0/4) Lair:3        Snake (2/4) Lair:2 Zot: 11012   Slime (0/5) Lair:5
    Orc (2/2) D:11 Zot: 10065     Elf (0/3) Orc:2        Vaults (0/5) D:13
 Depths (0/4) D:15         Bailey (visited)         Gauntlet (visited)

Altars:
Ashenzari
Cheibriados
Dithmenos
Elyvilon
Gozag
Kikubaaqudgha
Makhleb
Nemelex Xobeh
Okawaru
Qazlal
Ru
Sif Muna
Trog
Uskayaw
Vehumet
Wu Jian
Xom
Zin
The Shining One

Shops:
D:5 [*   D:12 [   Orc:1 ?   Orc:2 [*=*   Snake:1 [!=

Annotations:
D:9 exclusion: killer bee
Lair:5 2 runed translucent doors


Innate Abilities, Weirdness & Mutations

You are a fearsome dragon!
You have a powerful clawing attack.
Your giant scaled body is strong and resilient, but less evasive.
You can breathe fire.
You are flying.
Your maximum health is greatly increased.
Your armour is entirely melded.
You are incapable of wielding weapons or throwing items.
You cannot wear most types of armour.
You are amphibious.
You can wear up to seven rings at the same time.
((Your skin changes colour to match your surroundings (Stealth+).))
You are dopey. (Int -2)
Your magical capacity is low. (-10% MP)
((Your rubbery body absorbs attacks. (AC +1, EV +1)))
You are missing a hand.
You cannot study or use magical devices.
You are hated by all.
((You are camouflaged when in or above water. (Stealth+)))
((You have tentacles for arms and can constrict up to seven enemies at once.))
((One of your tentacles bears a spike.))
You possess an exceptional clarity of mind.


Message History

You fly downwards.
There is a stone staircase leading up here.
There are monsters nearby!
Found a longbow.
The helpless nagaraja fails to defend itself.
You maul the nagaraja!!!
The nagaraja is heavily wounded.
The nagaraja begins to cast a spell, but is stunned by your conviction!
You maul the nagaraja!!!
You kill the nagaraja!
You hear an angry hiss.
You hear a shout!
You maul the black mamba!!!
You kill the black mamba!
No target in view!
No target in view!
No target in view!
A naga warrior and a naga mage come into view.
A guardian serpent comes into view.
The naga mage points at something and mumbles some strange words.
A salamander comes into view. It is wielding a +3 trident.
You hear a shout!
The naga warrior shouts!
You redirect the naga mage's attack!
A naga comes into view. It is wielding a +0 halberd.
The naga shouts!
The naga mage spits poison at you.
The splash of poison hits you but does no damage.
You resist. The naga warrior spits poison at you.
The splash of poison hits you. You resist.
You redirect the naga's attack!
The naga spits poison at itself.
The splash of poison hits the naga.
The guardian serpent coils itself and waves its upper body at you.
The bolt of poison hits you. You resist.
The naga mage gestures at you while chanting.
The bolt of poison hits you! You resist.
The naga warrior hits you from afar with a +0 glaive!!
You barely miss the guardian serpent.
You bite the guardian serpent, but do no damage.
You redirect the guardian serpent's attack!
The guardian serpent misses you. The naga mage spits poison at you.
The splash of poison hits you but does no damage.
You are poisoned.
You resist.
You bite the guardian serpent!!
Your tail-slap misses the guardian serpent.
You bite the guardian serpent, but do no damage.
The guardian serpent is severely wounded.
You feel very sick.
The guardian serpent coils itself and waves its upper body at you.
The bolt of poison hits you.
You are more poisoned.
You resist.
The naga warrior hits you from afar with a +0 glaive!
You maul the guardian serpent!!!
You kill the guardian serpent!
You feel very sick.
The salamander hits you from afar with a +3 trident.
You are engulfed in flames.
You resist.
The naga warrior begins to attack, but is stunned by your conviction!
You maul the naga mage!!!
You kill the naga mage!
You feel very sick.
The salamander hits you from afar with a +3 trident!
You are engulfed in flames.
You resist.
You focus your inner power and illuminate the salamander in retribution!
You feel very sick.
The naga warrior hits you with a +0 glaive!
You focus your inner power and illuminate the naga warrior in retribution!
The salamander hits you with a +3 trident.
You are engulfed in flames.
You resist.
Things that are here:
a +0 club; a +0 robe; a naga corpse You maul the naga warrior!!!
The naga warrior is severely wounded.
You feel very sick.
The naga warrior roars a battlecry!
The nagas go into a battle-frenzy!
You completely miss the naga warrior. You tail-slap the naga warrior.
The naga warrior is severely wounded.
You feel sick.
The salamander hits you with a +3 trident!!
You are engulfed in flames.
You resist.
The naga warrior begins to attack, but is stunned by your conviction!
You are too injured to fight recklessly!
You take 114 damage, and have 88/202 hp.
MASSIVE DAMAGE!!
You barely miss the naga warrior. You tail-slap the naga warrior.
You bite the naga warrior!
The naga warrior is almost dead.
You feel very sick. The naga spits poison at you.
The splash of poison hits you but does no damage.
You resist. The salamander barely misses you.
The naga warrior hits you with a +0 glaive!!
You focus your inner power and blind the naga warrior in retribution!
You take 21 damage, and have 67/202 hp.
You strike the helpless naga warrior from behind!
You maul the naga warrior!!!
You kill the naga warrior!
You feel sick. The naga barely misses you. The salamander closely misses you.
You take 1 damage, and have 66/202 hp.
You bite the salamander!!
The salamander is moderately wounded.
You feel sick.
You take 1 damage, and have 65/202 hp.
You bite the salamander!! You tail-slap the salamander!
You bite the salamander!
The salamander is almost dead.
You feel sick.
A black mamba comes into view.
The naga hits you from afar with a +0 halberd!
* * * LOW HITPOINT WARNING * * *
The salamander hits you with a +3 trident!!
* * * LOW HITPOINT WARNING * * *
You are engulfed in flames.
You resist.
* * * LOW HITPOINT WARNING * * *
You take 30 damage, and have 35/202 hp.
You are restored by drawing out deep reserves of power within.
You feel drained.
You feel sick.
The naga hits you from afar with a +0 halberd!!
* * * LOW HITPOINT WARNING * * *
The salamander is stunned by your conviction and fails to attack.
You regained 17 hp, and now have 52/192 hp.
You barely miss the salamander.
The salamander is almost dead.
The salamander is stunned by your conviction and fails to attack.
The naga spits poison at you. The splash of poison hits you.
You are more poisoned.
You have difficulty breathing.
* * * LOW HITPOINT WARNING * * *
You feel yourself slow down.
* * * LOW HITPOINT WARNING * * *
You take 9 damage, and have 43/192 hp.
As you read the scroll of fear, it crumbles to dust.
You assume a fearsome visage.
The black mamba looks frightened!
The naga looks frightened!
The salamander resists with some effort.
You feel extremely sick.
The salamander stops glowing.
The salamander hits you with a +3 trident!
* * * LOW HITPOINT WARNING * * *
You are engulfed in flames.
You resist.
* * * LOW HITPOINT WARNING * * *
The salamander hits you with a +3 trident!!
You die...
Ru respects your ultimate sacrifice.

....# ... ##....#
#.. ##.......
###..##........
###...##......S##
##..)..##........#
#....#.##.†)......
#..#.##.D..N....
###..<#...N......
#....##...######.
#..#...#.##
#.#)..#.## #
####...# .......
....###. ......


You could see a salamander (strong), a black mamba (fleeing) and a naga (strong,
curare, fleeing, catching breath).

Vanquished Creatures
  Saint Roka (Orc:2)
  Agnes (D:15)
  A tengu reaver (D:13)
  A nagaraja (Snake:2)
  A fire giant (D:14)
  A reaper (Orc:2)
  An orc warlord (D:13)
  3 stone giants
  A minotaur (Gauntlet)
  A fire dragon (D:14)
  Josephine (D:10)
  A yaktaur captain (D:14)
  A rakshasa (D:14)
  8 hydras
  Erolcha (D:13)
  10 centaur warriors
  4 ogre magi
  4 anacondas (Snake:1)
  A death knight (D:14)
  10 death yaks
  17 two-headed ogres
  Erica (D:11)
  5 boulder beetles
  3 tengu warriors
  A hell hog (Gauntlet)
  A deep troll earth mage (D:14)
  2 shock serpents (Snake:1)
  4 naga warriors
  4 naga sharpshooters (Snake:1)
  A soul eater (Orc:2)
  3 skysharks
  A fire crab (Lair:5)
  A goliath frog (Lair:3)
  A deep troll (Orc:2)
  A large abomination (Gauntlet)
  2 mana vipers (Snake:1)
  6 orc knights
  3 naga ritualists (Snake:1)
  2 arcanists (D:13)
  A lindwurm (Lair:5)
  A deep elf zephyrmancer (D:13)
  4 manticores
  A wolf spider (D:14)
  An ugly thing (D:14)
  5 deep elf pyromancers
  2 orc sorcerers (Orc:1)
  6 cyclopes
  8 elephants
  A salamander (Snake:1)
  A guardian serpent (Snake:2)
  Joseph (D:10)
  2 kobold blastminers (Orc:1)
  A torpor snail (Lair:1)
  5 naga magi
  14 black mambas
  2 molten gargoyles (Lair:5)
  9 cane toads
  3 gargoyles
  A yaktaur (D:14)
  Maggie (D:6)
  4 rime drakes
  3 efreet
  14 komodo dragons
  An unseen horror (D:10)
  A kobold demonologist (D:10)
  5 tengu conjurers
  3 polar bears
  3 hornets
  13 trolls
  Grinder (D:6)
  20 blink frogs
  13 dream sheep
  6 slime creatures
  A centaur simulacrum (D:14)
  66 yaks
  A human (shapeshifter) (D:14)
  3 vampires
  7 wyverns
  A steam dragon (D:8)
  8 basilisks
  2 wargs
  Eustachio (D:4)
  2 fire bats (Gauntlet)
  8 wraiths
  8 vampire mosquitoes
  10 nagas
  An acid dragon (D:14)
  20 water moccasins
  5 hell hounds
  36 orc warriors
  5 black bears
  2 ice beasts
  22 ogres
  5 small abominations (Gauntlet)
  6 centaurs
  3 laughing skulls
  A boggart (D:14)
  21 wolves
  2 phantoms
  3 kobold brigands
  14 bullfrogs
  A scorpion (D:6)
  A gnoll sergeant (D:11)
  5 wights (D:7)
  6 killer bees (D:10)
  6 howler monkeys
  2 electric eels (Lair:4)
  6 lava snakes
  3 quasits (D:7)
  4 hounds
  2 bombardier beetles
  4 jellies (D:6)
  2 sleepcaps
  13 orc priests
  Crazy Yiuf (D:6)
  3 iguanas
  21 orc wizards
  3 gnolls (D:11)
  8 adders
  A shadow imp (D:6)
  2 ribbon worms (D:3)
  4 dart slugs
  106 orcs
  9 ball pythons
  7 bats
  6 endoplasms
  3 giant cockroaches
  10 goblins
  3 hobgoblins
  16 kobolds
  A quokka (D:3)
  2 frilled lizards (D:1)
  4 rats
798 creatures vanquished.

Vanquished Creatures (collateral kills)
  Lodul (D:11)
  3 ogres (D:11)
  An orc wizard (D:10)
  An orc (D:10)
6 creatures vanquished.

Vanquished Creatures (others)
  A deep troll (Orc:2)
  A large abomination (Gauntlet)
  A minotaur zombie (Gauntlet)
  A komodo dragon (Lair:5)
  A blink frog (Lair:2)
  A wyvern (Lair:5)
  An ogre (Orc:2)
  A centaur (D:14)
8 creatures vanquished.

Grand Total: 812 creatures vanquished

Notes
Turn   | Place    | Note
-------+----------+-------------------------------------------
     0 | D:1      | mdonais the Octopode Brigand began the quest for the Orb.
     0 | D:1      | Reached XP level 1. HP: 14/14 MP: 1/1
   236 | D:1      | Reached XP level 2. HP: 20/20 MP: 2/2
   809 | D:2      | Reached XP level 3. HP: 26/26 MP: 3/3
  1800 | D:3      | Reached skill level 1 in Unarmed Combat
  1800 | D:3      | Reached XP level 4. HP: 33/33 MP: 4/4
  2096 | D:3      | Noticed an ice beast
  2107 | D:3      | Killed an ice beast
  2108 | D:3      | Reached XP level 5. HP: 31/38 MP: 5/5
  2231 | D:4      | Reached skill level 5 in Fighting
  2292 | D:3      | Reached XP level 6. HP: 10/45 MP: 6/6
  2559 | D:4      | Found a staircase to the Ecumenical Temple.
  2570 | Temple   | Entered the Ecumenical Temple
  2641 | Temple   | Became a worshipper of Ru the Awakened
  2979 | D:4      | Noticed Eustachio
  3011 | D:4      | Killed Eustachio
  3012 | D:4      | Reached XP level 7. HP: 39/52 MP: 7/7
  3127 | D:5      | Entered Level 5 of the Dungeon
  3347 | D:5      | Learned a level 1 spell: Magic Dart
  3350 | D:5      | Learned a level 2 spell: Call Imp
  3406 | D:5      | Found Otasana Witz's Gadget Gallery.
  3675 | D:5      | Reached XP level 8. HP: 58/58 MP: 8/8
  3678 | D:5      | Found Mekkaete's Antique Armour Emporium.
  3852 | D:6      | Reached skill level 5 in Dodging
  4033 | D:6      | Reached skill level 1 in Shapeshifting
  4086 | D:6      | Gained mutation: Your magical capacity is low. (-10% MP)
                  | [Ru sacrifice]
  4136 | D:6      | Found a glowing golden altar of the Shining One.
  4145 | D:6      | Reached skill level 2 in Shapeshifting
  4218 | D:6      | Reached skill level 3 in Shapeshifting
  4302 | D:6      | Noticed Grinder
  4310 | D:6      | Killed Grinder
  4311 | D:6      | Reached XP level 9. HP: 66/66 MP: 8/8
  4339 | D:6      | Found a runed translucent door.
  4340 | D:6      | Noticed Crazy Yiuf
  4454 | D:6      | Noticed Maggie
  4465 | D:6      | Killed Maggie
  4466 | D:6      | Reached skill level 5 in Unarmed Combat
  4466 | D:6      | Reached skill level 4 in Shapeshifting
  4553 | D:6      | Found a stormy altar of Qazlal.
  4767 | D:6      | Killed Crazy Yiuf
  4888 | D:7      | Reached skill level 5 in Shapeshifting
  4953 | D:7      | Reached skill level 6 in Shapeshifting
  4987 | D:7      | Found a flagged portal.
  5002 | Bailey   | Entered a bailey
  5632 | Bailey   | Reached skill level 7 in Shapeshifting
  5796 | Bailey   | Reached XP level 10. HP: 62/72 MP: 9/9
  5880 | D:7      | Learned a level 2 spell: Blink
  5887 | D:7      | Acquired the ring "Icvuics" {Int+3 Slay+4}
  6706 | D:8      | Gained mutation: You are dopey. (Int -2) [Ru sacrifice]
  6706 | D:8      | Reached * piety under Ru
  6710 | D:8      | Reached skill level 1 in Evocations
  8237 | D:5      | Bought a sack of spiders for 480 gold pieces
  8869 | D:9      | Reached XP level 11. HP: 66/80 MP: 9/9
  8923 | D:9      | Reached skill level 5 in Evocations
  9094 | D:9      | Found a burning altar of Makhleb.
  9782 | D:9      | Found a shimmering blue altar of Sif Muna.
  9794 | D:9      | Reached skill level 8 in Shapeshifting
  9796 | D:9      | Got Sif Muna's Omnibus of Mortification
  9901 | D:10     | Entered Level 10 of the Dungeon
 10106 | D:10     | Found a radiant altar of Vehumet.
 10271 | D:10     | Noticed a two-headed ogre
 10277 | D:10     | Killed a two-headed ogre
 10410 | D:10     | Gained mutation: You are missing a hand. [Ru sacrifice]
 10410 | D:10     | Reached ** piety under Ru
 10410 | D:10     | Reached *** piety under Ru
 10414 | D:10     | Reached skill level 9 in Shapeshifting
 10537 | D:10     | Noticed Josephine
 10665 | D:10     | Killed Josephine
 10679 | D:10     | Reached skill level 10 in Shapeshifting
 11082 | D:10     | Noticed Joseph
 11094 | D:10     | Killed Joseph
 11258 | D:10     | Found an opulent altar of Gozag.
 11394 | D:10     | Noticed a two-headed ogre
 11438 | D:10     | Reached XP level 12. HP: 86/86 MP: 10/10
 11472 | D:10     | Killed a two-headed ogre
 11676 | D:10     | Found a staircase to the Lair.
 11791 | D:11     | Found a staircase to the Orcish Mines.
 11894 | D:11     | Reached skill level 10 in Unarmed Combat
 11902 | D:11     | Reached skill level 10 in Fighting
 12405 | D:11     | Reached skill level 1 in Conjurations
 12447 | D:11     | Reached skill level 1 in Translocations
 12516 | D:11     | Reached skill level 1 in Spellcasting
 12530 | D:11     | Got Faixoex's Textbook on Damaging Heat
 12632 | D:11     | Noticed Lodul
 12683 | D:11     | Killed Lodul
 12873 | D:11     | Found a staircase to the Orcish Mines.
 13281 | Lair:1   | Entered Level 1 of the Lair of Beasts
 13335 | Lair:1   | Found a gate leading to a gauntlet.
 13346 | Gauntlet | Entered a Gauntlet
 13346 | Gauntlet | Found a transporter.
 13346 | Gauntlet | Found a transporter.
 13352 | Gauntlet | Noticed a soul eater
 13427 | Gauntlet | Found a transporter.
 13442 | Gauntlet | Found a transporter.
 13457 | Gauntlet | Found a transporter.
 13457 | Gauntlet | Found a transporter.
 13457 | Gauntlet | Found a transporter.
 13459 | Gauntlet | Found a transporter.
 13459 | Gauntlet | Found a transporter.
 13461 | Gauntlet | Noticed a hell hog
 13473 | Gauntlet | Found a transporter.
 13488 | Gauntlet | Found a runed translucent door.
 13489 | Gauntlet | Found a transporter.
 13490 | Gauntlet | Found a runed translucent door.
 13499 | Gauntlet | Found a transporter.
 13513 | Gauntlet | Found a transporter.
 13525 | Gauntlet | Noticed a blizzard demon
 13533 | Gauntlet | Gained mutation: You cannot study or use magical devices.
                  | [Ru sacrifice]
 13533 | Gauntlet | Reached **** piety under Ru
 13533 | Gauntlet | Reached ***** piety under Ru
 13534 | Gauntlet | Found a transporter.
 13568 | Gauntlet | Gained mutation: You possess an exceptional clarity of
                  | mind. [potion of mutation]
 13568 | Gauntlet | Gained mutation: One of your tentacles bears a spike.
                  | [potion of mutation]
 13919 | Gauntlet | Killed a hell hog
 13921 | Gauntlet | Identified the ring "Puggolen" {Will+ Int+3}
 13924 | Gauntlet | Identified the +0 hat of Sloth {rElec rPois Str-5 Slay+3}
 14107 | Gauntlet | Noticed a minotaur
 14114 | Gauntlet | Killed a minotaur
 14576 | Lair:1   | Reached XP level 13. HP: 94/94 MP: 14/14
 15238 | Lair:2   | Got Ruffeugu's Elucidation of the Hazy Icicle
 15370 | Lair:2   | Found an opulent altar of Gozag.
 16847 | Lair:2   | Found a staircase to the Snake Pit.
 17035 | Lair:2   | Gained mutation: You are hated by all. [Ru sacrifice]
 17035 | Lair:2   | Reached ****** piety under Ru
 17297 | Lair:2   | Reached XP level 14. HP: 106/106 MP: 15/15
 17670 | Lair:3   | Found a staircase to the Swamp.
 18697 | Lair:4   | Identified the +12 rapier of Acrirghimeo {speed, rPois
                  | Str+3 Int+2 Dex-3}
 19556 | Lair:5   | Entered Level 5 of the Lair of Beasts
 19790 | Lair:5   | Learned a level 3 spell: Ozocubu's Armour
 19919 | Lair:5   | Reached skill level 1 in Ice Magic
 20054 | Lair:5   | Found a staircase to the Slime Pits.
 20691 | Lair:5   | Found a large runed translucent door.
 20691 | Lair:5   | Found a large runed translucent door.
 20700 | Lair:5   | Reached XP level 15. HP: 113/113 MP: 12/17
 20709 | Lair:5   | Reached skill level 11 in Shapeshifting
 20714 | Lair:5   | Reached skill level 5 in Ice Magic
 21214 | Orc:1    | Entered Level 1 of the Orcish Mines
 21214 | Orc:1    | Found Diulapt's Magic Scroll Emporium.
 21216 | Orc:1    | Noticed Erica
 21236 | D:11     | Killed Erica
 21419 | Orc:1    | Bought a scroll of fog for 44 gold pieces
 21419 | Orc:1    | Bought a scroll of teleportation for 33 gold pieces
 21562 | Orc:1    | Paralysed by an orc sorcerer for 4 turns
 21887 | Orc:2    | Entered Level 2 of the Orcish Mines
 21889 | Orc:2    | Noticed Saint Roka
 21902 | Orc:2    | Reached skill level 12 in Shapeshifting
 21909 | Orc:2    | Killed Saint Roka
 22252 | Orc:2    | Reached skill level 13 in Shapeshifting
 22536 | Orc:2    | Found Axikkunk's General Store.
 22538 | Orc:2    | Found Lup Ybb's Jewellery Boutique.
 22546 | Orc:2    | Found Ocuthrauze's General Store.
 22547 | Orc:2    | Found Vaefoo's Armour Shoppe.
 22598 | Orc:2    | Bought the ring "Gyqao" {rPois rF+ rC+ SInv} for 758 gold
                  | pieces
 22735 | Orc:2    | Found a staircase to the Elven Halls.
 23290 | Orc:2    | Bought a scroll of blinking for 75 gold pieces
 23290 | Orc:2    | Bought a scroll of blinking for 75 gold pieces
 23290 | Orc:2    | Bought a scroll of teleportation for 30 gold pieces
 23504 | D:12     | Found a sparkling altar of Nemelex Xobeh.
 23578 | D:12     | Found Volar's Armour Shop.
 24041 | D:13     | Reached skill level 14 in Shapeshifting
 24044 | D:13     | Noticed Erolcha
 24050 | D:13     | Killed Erolcha
 24327 | D:13     | Found a snail-covered altar of Cheibriados.
 24453 | D:13     | Found a gate to the Vaults.
 24629 | D:13     | Reached XP level 16. HP: 119/119 MP: 18/18
 24786 | D:13     | Identified the +10 hand cannon "Jiacesoh" {freeze, rC+}
 24893 | D:14     | Reached skill level 15 in Shapeshifting
 25110 | D:14     | Noticed a tengu reaver
 25160 | D:13     | Killed a tengu reaver
 25606 | D:14     | Reached skill level 16 in Shapeshifting
 25788 | D:14     | Reached XP level 17. HP: 126/126 MP: 19/19
 26593 | D:15     | Entered Level 15 of the Dungeon
 26596 | D:15     | Found a staircase to the Depths.
 26679 | D:15     | Reached skill level 15 in Fighting
 26701 | D:15     | Reached skill level 15 in Unarmed Combat
 26766 | D:15     | Identified the +6 dagger of Leiqirah {pain, Dex+6}
 27194 | D:15     | Noticed Agnes
 27199 | D:15     | Killed Agnes
 27612 | Snake:1  | Entered Level 1 of the Snake Pit
 28029 | Snake:1  | Found Osoup's Jewellery Boutique.
 28031 | Snake:1  | Found Vahil's Distillery.
 28034 | Snake:1  | Found Koawn's Armour Boutique.
 28049 | Snake:1  | Reached XP level 18. HP: 135/135 MP: 20/20
 28075 | Snake:1  | Bought a potion of invisibility for 120 gold pieces
 28075 | Snake:1  | Bought a potion of haste for 150 gold pieces
 28075 | Snake:1  | Bought a potion of attraction for 45 gold pieces
 28627 | Snake:2  | Mangled by a salamander

Illustrated notes

Levels and vault maps discovered:
D:1:      nzn_arrival_depleted_hourglass, layout_loops_ring,
          minmay_tiny_reverse_x
D:2:      layout_basic
D:3:      layout_basic, grunt_ministairs_3, supply_closet_lemuel
D:4:      layout_cave_pools, minmay_temple_entry_ruins, uniq_eustachio
D:5:      layout_rooms, serial_shops, shop, nicolae_shop_gadgets
D:6:      layout_basic, nicolae_overflow_hidden_temple, tso_metal_star,
          uniq_maggie, uniq_crazy_yiuf_cottage, uniq_grinder
D:7:      cheibrodos_quashed, layout_layer_cave, enter_bailey_3
D:8:      layout_basic, feat_on_display
D:9:      layout_cave_pods, led_sif_book, kennysheep_little_box,
          hangedman_abyss_or_decor_passed, nicolae_lava_and_water
D:10:     layout_basic, nicolae_vehumet_radiance,
          nicolae_gozag_cash_rules_everything_around_me,
          minmay_lair_entry_grove, minmay_misc_feat_rugged, uniq_josephine,
          uniq_joseph
D:11:     layout_cave_pools, orc_0_dummy, minivault_1, uniq_lodul
D:12:     layout_basic, serial_shops, nicolae_shop_getting_attention,
          nemelex_altar_shiori
D:13:     kennysheep_scales, layout_cave_pools, david_vaults_1,
          grunt_decor_arrowhead, minmay_misc_feat_chi, kennysheep_slug_shrine,
          uniq_erolcha
D:14:     layout_gridville, nicolae_elevator_lobby_asterisk, special_room
          [special_room_orc], nicolae_rejected_hall
D:15:     grunt_enter_depths_giant_problem, layout_loops_ring, uniq_agnes
Temple:   minmay_temple_bridge_d
Lair:1:   layout_roguey, gauntlet_entry_generic,
          grunt_forest_small_clearing_treed
Lair:2:   nzn_winding_woodlands_small [nzn_winding_woodlands_5x15_lazy_stream,
          nzn_winding_woodlands_center_pierced_h,
          nzn_winding_woodlands_5x15_jagged], layout_long_grid,
          guppyfry_snake_entry_garden, basic_altar, grunt_megastairs_5
Lair:3:   layout_small_grid, mainiacjoe_swamp_entry_lozenge_pond,
          infiniplex_staircase_pool_2
Lair:4:   layout_concentric_octagons, infiniplex_staircase_pool
Lair:5:   cheibrodos_lair_end_hotspot, layout_cave_pods, slime_entry_1
Snake:1:  layout_grid_maze, minmay_shop_star
Snake:2:  layout_onion, serial_shops, shop
Orc:1:    layout_caves, basic_altar, serial_shops, shop, mines1_david,
          uniq_erica
Orc:2:    st_orc_open, layout_caves, basic_altar, hellmonk_talismancer,
          uniq_saint_roka

Skill      XL: |  1  2  3  4  5  6  7  8  9 10 11 12 13 14 15 16 17 18 |
---------------+-------------------------------------------------------+-----
Fighting       | 3 4 5 6 8 9 10 13 14 15 | 15.9
Unarmed Combat | 1 2 3 4 6 8 9 11 13 14 15 | 15.9
Dodging        | 3 4 5 6 7 8 9 |  9.1
Shapeshifting  | 3 7 10 14 16 | 16.0
Evocations     | 4 5 0 |  0.0
Stealth        | 6 8 9 |  9.0
Conjurations   | 1 |  1.0
Translocations | 3 |  3.0
Spellcasting   | 2 3 |  3.0
Ice Magic      | 4 5 |  5.0
Short Blades   | |  2.0
Throwing       | |  2.0

Action                     |  1- 3 |  4- 6 |  7- 9 | 10-12 | 13-15 | 16-18 || total
---------------------------+-------+-------+-------+-------+-------+-------++-------
  Melee: Dagger            |    51 |    40 |       |       |       |       ||    91
         Tentacles         |    11 |    23 |    66 |    61 |       |       ||   161
         Constrict         |     8 |    20 |    62 |   100 |   207 |       ||   397
         Short sword       |       |    41 |   153 |       |       |       ||   194
         Unarmed           |       |       |    67 |   489 |   837 |   351 ||  1744
         Bite              |       |       |       |       |     9 |    65 ||    74
         Tailslap          |       |       |       |       |     6 |    62 ||    68
         Punch             |       |       |       |       |     4 |    26 ||    30
  Throw: Dart              |       |     1 |     9 |       |       |       ||    10
         Javelin           |       |       |    16 |       |       |       ||    16
   Cast: Magic Dart        |       |       |     1 |    12 |    47 |     2 ||    62
         Ozocubu's Armour  |       |       |       |       |    26 |    18 ||    44
 Invoke: Sacrifice Essence |       |       |     1 |       |       |       ||     1
         Sacrifice Purity  |       |       |       |     1 |       |       ||     1
         Sacrifice a Hand  |       |       |       |     1 |       |       ||     1
         Sacrifice Artific |       |       |       |     1 |       |       ||     1
         Sacrifice Love    |       |       |       |       |     1 |       ||     1
         Draw Out Power    |       |       |       |       |     1 |     1 ||     2
         Apocalypse        |       |       |       |       |     1 |       ||     1
Ability: Begin Untransform |       |       |       |     1 |       |       ||     1
         Breathe Fire      |       |       |       |       |     2 |       ||     2
  Evoke: Wand              |       |       |       |     4 |       |       ||     4
         Sack of spiders   |       |       |       |     1 |       |       ||     1
    Use: Scroll            |       |       |    12 |     7 |     2 |     6 ||    27
         Potion            |       |       |     5 |     3 |       |     1 ||     9
   Stab: Sleeping          |    18 |     6 |    10 |     9 |    14 |     9 ||    66
         Distracted        |       |     1 |       |     3 |     7 |     3 ||    14
         Invisible         |       |       |    11 |     2 |     5 |     6 ||    24
         Paralysed         |       |       |       |     2 |    10 |     4 ||    16
 Armour: Skin              |    14 |    37 |    69 |   236 |   518 |   318 ||  1192
  Dodge: Dodged            |    14 |    47 |   119 |   241 |   378 |   129 ||   928
   Form: Flux              |       |       |     1 |     1 |       |       ||     2
         Serpent           |       |       |       |     1 |       |       ||     1
         Dragon            |       |       |       |       |     1 |       ||     1

Table legend: (Time is in decaauts)
 A = Elapsed time spent in this place.
 B = Non-inter-level travel time spent in this place.
 C = Inter-level travel time spent in this place.
 D = Time resting spent in this place.
 E = Time spent auto-exploring this place.
 F = Levels seen in this place.
 G = Mean time per level.
                   A        B        C        D        E       F      G
               +--------+--------+--------+--------+--------+-----+--------+
         Total |  28239 |  26430 |   1809 |   3343 |  16990 |  27 | 1045.9 |
       Dungeon |  16511 |  15411 |   1100 |   1925 |  10156 |  15 | 1100.7 |
        Temple |    142 |      1 |    141 |      0 |      0 |   1 |  142.0 |
          Lair |   6926 |   6533 |    393 |    276 |   4834 |   5 | 1385.2 |
     Snake Pit |    985 |    962 |     23 |      0 |    740 |   2 |  492.5 |
  Orcish Mines |   1934 |   1783 |    151 |    257 |   1043 |   2 |  967.0 |
        Bailey |    865 |    865 |      0 |    380 |     44 |   1 |  865.0 |
      Gauntlet |    872 |    872 |      0 |    503 |    173 |   1 |  872.0 |
               +--------+--------+--------+--------+--------+-----+--------+

Top non-repeatable levels by time:
  Lair:2: 2161 daAuts
    D:10: 2112 daAuts
    D:11: 1509 daAuts
  Lair:5: 1450 daAuts
    D:14: 1404 daAuts
     D:8: 1399 daAuts
     D:7: 1381 daAuts
  Lair:4: 1295 daAuts
    D:13: 1224 daAuts
     D:9: 1123 daAuts
     D:6: 1108 daAuts
  Lair:1: 1074 daAuts
   Orc:2: 991 daAuts
 Snake:1: 966 daAuts
     D:3: 946 daAuts
